Map: [ESL] Solaris

Players

ArT - Winner!

  • Race: Protoss Protoss
  • Spawn Location: 1:00

NightPhoenix

  • Race: Protoss Protoss
  • Spawn Location: 7:00

Event: ESL SC2 Masters 2023 Winter (Regional)

VOD

Have the link to the VOD?

Description

Time

  • Played on: Oct. 29, 2023, 9:56 a.m.
  • Length: 19:37

All games in this series

Show
View Real Time Build Order
Export as new Build Order

ArT Protoss - Winner!

Build Orders: Blink Stalkers 

Get SALT Encoding   

  12  0:00  Probe  
  13  0:12  Probe  
  14  0:17  Pylon  
  14  0:24  Probe (Chrono Boost)  
  15  0:36  Probe (Chrono Boost)  
  15  0:38  Gateway  
  16  0:45  Probe (Chrono Boost)  
  16  0:46  Assimilator  
  17  0:52  Probe  
  17  0:55  Assimilator  
  18  1:04  Probe (Chrono Boost)  
  18  1:07  Gateway  
  19  1:13  Probe (Chrono Boost)  
  20  1:18  Probe (Chrono Boost)  
  20  1:25  Cybernetics Core  
  21  1:30  Probe  
  22  1:35  Pylon  
  22  1:42  Probe  
  23  1:55  Probe  
  23  1:59  Warp Gate (Chrono Boost)  
  24  2:01  Stalker  
  24  2:03  Sentry  
  24  2:08  Probe  
  29  2:13  Pylon  
  29  2:24  Probe  
  29  2:25  Pylon  
  30  2:30  Stalker  
  30  2:32  Stalker  
  34  2:53  Nexus  
  34  2:57  Probe  
  35  3:06  Sentry, Shield Battery  
  35  3:11  Shield Battery  
  37  3:17  Probe  
  38  3:23  Pylon  
  38  3:27  Twilight Council  
  38  3:30  Probe  
  39  3:41  Stalker x2  
  39  3:44  Probe  
  44  3:56  Shield Battery, Probe  
  44  3:59  Blink (Chrono Boost)  
  44  4:11  Probe (Chrono Boost)  
  44  4:12  Stalker  
  44  4:15  Probe (Chrono Boost)  
  46  4:24  Probe (Chrono Boost)  
  46  4:25  Stalker  
  46  4:27  Probe (Chrono Boost)  
  49  4:32  Probe (Chrono Boost)  
  49  4:33  Probe (Chrono Boost)  
  49  4:38  Stalker, Probe  
  51  4:41  Probe  
  55  4:49  Pylon  
  55  4:50  Probe  
  55  4:52  Stalker  
  56  4:57  Probe  
  57  5:04  Robotics Facility, Probe (Chrono Boost)  
  58  5:09  Stalker, Probe (Chrono Boost)  
  61  5:17  Pylon  
  61  5:19  Probe x2 (Chrono Boost)  
  63  5:23  Stalker  
  63  5:26  Probe  
  63  5:27  Probe  
  67  5:38  Nexus  
  67  5:40  Shield Battery  
  67  5:44  Probe x2  
  69  5:52  Observer  
  69  5:53  Assimilator  
  69  5:56  Stalker  
  69  5:57  Stalker  
  74  5:58  Probe  
  74  6:00  Probe  
  76  6:04  Pylon  
  76  6:05  Charge  
  75  6:14  Probe (Chrono Boost)  
  75  6:18  Forge, Probe (Chrono Boost)  
  77  6:26  Probe (Chrono Boost)  
  77  6:28  Gateway  
  77  6:30  Gateway  
  77  6:31  Probe (Chrono Boost)  
  78  6:34  Probe  
  78  6:36  Gateway  
  79  6:45  Protoss Ground Weapons Level 1 (Chrono Boost), Probe  
  79  6:47  Probe  
  81  6:49  Probe  
  81  6:53  Gateway x2  
  82  6:58  Probe  
  82  6:59  Templar Archives, Probe  
  82  7:00  Probe  
  85  7:08  Probe  
  85  7:10  Pylon  
  85  7:13  Photon Cannon, Probe  
  87  7:19  Warp Prism (Chrono Boost)  
  89  7:23  Probe  
  89  7:24  Probe  
  89  7:26  Pylon  
  89  7:27  Probe  
  92  7:35  Zealot  
  92  7:36  Zealot x4  
  102  7:39  Pylon  
  102  7:46  Nexus  
  102  7:53  Observer  
  103  8:00  Zealot x4  
  111  8:13  Zealot, Stalker x2  
  111  8:18  Robotics Bay  
  111  8:19  Robotics Facility  
  117  8:21  Shield Battery  
  117  8:22  Probe  
  117  8:23  Pylon, Probe  
  117  8:25  Assimilator  
  119  8:28  Zealot  
  119  8:29  Protoss Ground Weapons Level 2 (Chrono Boost), Zealot x2  
  119  8:32  Pylon  
  125  8:37  Assimilator  
  125  8:43  Stalker x2  
  125  8:48  Observer  
  129  8:55  Photon Cannon  
  129  8:58  Photon Cannon  
  129  9:05  Disruptor (Chrono Boost)  
  129  9:07  Disruptor (Chrono Boost)  
  137  9:12  Probe x2  
  137  9:13  Probe x2  
  141  9:20  Stalker x2  
  141  9:23  Pylon  
  145  9:24  Probe  
  145  9:25  Pylon  
  145  9:27  Pylon  
  145  9:29  Probe  
  145  9:31  Pylon  
  147  9:32  Disruptor (Chrono Boost)  
  147  9:37  Probe x3  
  154  9:39  Dark Shrine  
  154  9:41  Probe  
  154  9:47  Gravitic Drive  
  154  9:52  Pylon  
  158  9:53  Disruptor (Chrono Boost)  
  158  9:55  Stalker  
  158  9:56  Stalker x4  
  168  10:03  Photon Cannon  
  168  10:04  Disruptor (Chrono Boost)  
  172  10:12  Assimilator, Photon Cannon  
  172  10:13  Assimilator  
  172  10:14  Observer, Pylon  
  172  10:21  Probe x2  
  171  10:22  Photon Cannon  
  171  10:25  Gateway  
  171  10:28  Disruptor (Chrono Boost)  
  172  10:29  Pylon, Stalker x3  
  182  10:38  Protoss Ground Weapons Level 3 (Chrono Boost)  
  182  10:45  Forge  
  182  10:48  Shadow Stride (Chrono Boost)  
  180  11:06  Stalker x4  
  184  11:11  Robotics Facility, Photon Cannon  
  184  11:15  Assimilator  
  184  11:17  Dark Templar x3  
  190  11:22  Protoss Ground Armor Level 1 (Chrono Boost)  
  190  11:23  Gateway  
  190  11:25  Gateway  
  190  11:27  Gateway  
  184  11:45  Disruptor  
  186  11:47  Immortal  
  186  11:49  Nexus  
  186  11:50  Pylon  
  186  11:51  Dark Templar  
  188  12:04  Stalker x5  
  188  12:08  Disruptor  
  199  12:20  Disruptor  
  192  12:28  Nexus  
  192  12:42  Stalker x2  
  194  12:45  Pylon  
  194  12:47  Nexus  
  188  12:56  Pylon  
  186  13:04  Probe x2  
  177  13:16  Probe x2  
  177  13:19  Disruptor x2  
  184  13:27  Photon Cannon, Probe  
  184  13:29  Shield Battery  
  184  13:30  Stalker x5  
  195  13:37  Disruptor  
  187  13:52  Photon Cannon  
  187  13:55  Stalker x2  
  193  13:56  Probe (Chrono Boost)  
  193  13:58  Assimilator, Probe (Chrono Boost)  
  193  13:59  Probe (Chrono Boost)  
  193  14:00  Disruptor  
  193  14:02  Assimilator  
  198  14:05  Probe (Chrono Boost)  
  197  14:20  Shield Battery  
  181  14:48  Stalker x7  
  181  14:49  Disruptor x2  
  193  14:52  Protoss Ground Armor Level 2 (Chrono Boost)  
  193  15:02  Protoss Shields Level 1 (Chrono Boost)  
  193  15:06  Disruptor  
  192  15:10  Probe (Chrono Boost)  
  192  15:12  Dark Templar x4  
  199  15:19  Probe (Chrono Boost)  
  200  15:24  Probe  
  197  15:42  Nexus  
  198  15:43  Observer  
  198  15:46  Pylon  
  190  15:57  Nexus  
  182  16:14  Stargate  
  178  16:26  Disruptor  
  165  16:56  Robotics Facility  
  165  16:57  Gateway  
  164  17:14  Cybernetics Core  
  164  17:15  Gateway  
  164  17:18  Gateway  
  164  17:21  Pylon  
  164  17:24  Observer, Pylon  
  164  17:27  Pylon  
  163  17:33  Gateway  
  163  17:35  Gateway, Pylon  
  151  18:02  Zealot x2  
  137  18:20  Pylon  
  137  18:21  Pylon  
  137  18:24  Pylon  
  134  18:27  Nexus  
  134  18:29  Pylon  
  134  18:32  Gateway  
  134  18:33  Gateway  
  130  18:37  Photon Cannon, Probe  
  130  18:38  Pylon  
  130  18:40  Shield Battery  
  130  18:41  Gateway  
  130  18:43  Gateway  
  130  18:45  Cybernetics Core  
  130  18:47  Stalker x2  
  130  18:48  Stalker x6  
  137  18:59  Robotics Facility  
  118  19:20  Nexus  
  118  19:21  Pylon  
  118  19:25  Stalker x5  
  118  19:26  Stalker x2  
Show
View Real Time Build Order
Export as new Build Order

NightPhoenix Protoss 

Build Orders: Oracle Opening 

Get SALT Encoding   

  12  0:00  Probe  
  13  0:12  Probe  
  14  0:17  Pylon  
  14  0:24  Probe (Chrono Boost)  
  15  0:36  Gateway, Probe (Chrono Boost)  
  16  0:44  Probe (Chrono Boost)  
  16  0:47  Assimilator  
  17  0:51  Probe  
  17  0:54  Assimilator  
  18  1:03  Probe (Chrono Boost)  
  19  1:07  Gateway  
  20  1:12  Probe (Chrono Boost)  
  20  1:17  Probe (Chrono Boost)  
  20  1:23  Cybernetics Core  
  21  1:29  Probe  
  22  1:33  Pylon  
  22  1:41  Probe  
  23  1:53  Probe  
  24  2:01  Warp Gate, Adept x2  
  28  2:05  Probe  
  29  2:12  Pylon  
  29  2:18  Pylon  
  29  2:25  Stargate  
  29  2:33  Stalker  
  29  2:36  Stalker  
  32  3:00  Nexus  
  32  3:06  Oracle (Chrono Boost)  
  35  3:22  Probe  
  36  3:27  Pylon  
  37  3:44  Oracle  
  37  3:45  Probe  
  37  3:46  Shield Battery  
  40  3:53  Stalker x2  
  44  3:57  Probe  
  45  4:09  Probe  
  46  4:16  Probe  
  45  4:21  Probe, Stalker x2  
  48  4:30  Robotics Facility  
  48  4:32  Probe (Chrono Boost)  
  48  4:33  Probe (Chrono Boost)  
  50  4:43  Probe x2 (Chrono Boost)  
  52  4:47  Probe (Chrono Boost)  
  52  4:48  Probe (Chrono Boost)  
  54  4:58  Probe, Stalker x2  
  54  4:59  Probe  
  57  5:03  Assimilator  
  57  5:07  Pylon  
  57  5:10  Probe  
  57  5:12  Probe  
  59  5:18  Observer, Forge  
  60  5:22  Probe  
  60  5:23  Pylon  
  60  5:28  Sentry  
  63  5:30  Stalker  
  63  5:32  Probe  
  63  5:34  Probe  
  67  5:35  Pylon  
  71  5:46  Protoss Ground Weapons Level 1 (Chrono Boost)  
  71  5:47  Nexus  
  67  5:50  Probe x2  
  69  5:58  Immortal (Chrono Boost)  
  69  6:02  Probe  
  74  6:06  Shield Battery  
  74  6:10  Probe  
  75  6:16  Probe  
  75  6:17  Twilight Council  
  76  6:21  Assimilator  
  76  6:22  Probe  
  77  6:27  Immortal (Chrono Boost)  
  77  6:30  Observer  
  81  6:35  Pylon  
  81  6:38  Probe x2  
  83  6:40  Pylon  
  83  6:46  Stalker  
  85  6:50  Robotics Bay  
  85  6:51  Blink (Chrono Boost)  
  85  6:59  Probe x2  
  87  7:04  Immortal  
  87  7:05  Zealot  
  87  7:07  Probe  
  94  7:11  Assimilator  
  94  7:13  Assimilator  
  94  7:16  Shield Battery  
  94  7:24  Robotics Facility, Photon Cannon  
  94  7:27  Protoss Ground Weapons Level 2, Probe x2  
  94  7:28  Probe  
  97  7:40  Colossus (Chrono Boost)  
  103  7:50  Probe  
  103  7:51  Pylon, Photon Cannon, Probe  
  104  7:52  Probe  
  104  7:56  Extended Thermal Lance  
  106  8:02  Probe  
  107  8:14  Stalker x2  
  107  8:16  Colossus (Chrono Boost)  
  117  8:22  Disruptor (Chrono Boost)  
  121  8:31  Pylon  
  121  8:34  Gateway x2, Pylon x2  
  121  8:35  Pylon  
  121  8:47  Gateway  
  121  8:49  Gateway  
  121  8:54  Colossus (Chrono Boost)  
  121  8:55  Robotics Facility  
  121  8:56  Disruptor (Chrono Boost)  
  131  9:03  Sentry  
  131  9:04  Sentry  
  131  9:09  Shield Battery  
  135  9:11  Shield Battery  
  135  9:15  Gateway x2  
  135  9:16  Pylon  
  135  9:22  Gateway  
  135  9:23  Disruptor (Chrono Boost)  
  139  9:33  Stalker  
  139  9:35  Stalker  
  143  9:40  Colossus (Chrono Boost)  
  143  9:41  Stalker x2  
  153  9:51  Pylon, Protoss Ground Weapons Level 3 (Chrono Boost)  
  153  9:57  Gateway  
  153  9:58  Gateway  
  153  10:15  Nexus  
  153  10:16  Pylon  
  153  10:19  Disruptor (Chrono Boost)  
  161  10:29  Disruptor (Chrono Boost)  
  161  10:30  Photon Cannon  
  161  10:32  Observer (Chrono Boost), Photon Cannon  
  161  10:33  Pylon  
  160  10:35  Sentry x2  
  160  10:42  Shield Battery  
  162  10:44  Pylon  
  162  10:45  Photon Cannon  
  162  10:46  Fleet Beacon  
  162  10:50  Shield Battery  
  162  10:54  Observer  
  162  10:55  Observer x2  
  163  10:59  Sentry, Zealot x2  
  163  11:00  Zealot  
  171  11:23  Nexus  
  170  11:27  Stalker x4  
  170  11:30  Shield Battery  
  178  11:35  Disruptor x2  
  172  11:51  Disruptor  
  176  12:01  Charge  
  176  12:05  Zealot x5  
  176  12:06  Stalker  
  184  12:30  Stalker x2  
  180  12:39  Stalker  
  180  12:40  Disruptor x2, Stalker x3  
  196  12:53  Nexus  
  196  13:00  Pylon x2  
  172  13:07  Observer  
  172  13:14  Mothership  
  172  13:17  Stalker x7  
  185  13:27  Observer (Chrono Boost)  
  185  13:31  Observer (Chrono Boost)  
  185  13:36  Colossus (Chrono Boost)  
  173  13:44  Colossus (Chrono Boost)  
  179  13:57  Zealot x7  
  179  13:58  Zealot  
  187  14:12  Zealot x2  
  187  14:13  Zealot  
  187  14:16  Probe x3  
  196  14:23  Stalker x2  
  200  14:28  Probe  
  177  14:39  Stalker x3  
  168  14:47  Disruptor  
  168  14:49  Disruptor  
  173  14:55  Zealot x4  
  185  15:15  Observer  
  183  15:26  Disruptor x2  
  191  15:30  Zealot x4  
  194  15:37  Stalker x3  
  187  16:07  Zealot x6  
  185  16:31  Pylon  
  173  16:51  Zealot  
  173  16:52  Zealot x7  
  182  16:58  Zealot x3  
  162  17:16  Zealot x4  
  170  17:34  Zealot x4  
  129  18:15  Observer  
  91  18:29  Stalker x4  
Tags
 
Add a new tag
Caveats
  • Supply blocks, unpowered buildings, or Contaminate may cause inaccurate times.
  • Supply counts are checked every 10 seconds.